 Dungeon Crawl Stone Soup version 0.29-a0-838-g385bb11a5b (webtiles) character file.

Game seed: 18206387650011233766

17 valliere the Trooper (level 2, -5/24 HPs)
             Began as a Demonspawn Fighter on July 13, 2022.
             Blown up by Ijyb (16 damage)
             ... with a mindburst bolt
             ... on level 3 of the Dungeon.
             The game lasted 00:01:33 (448 turns).

valliere the Trooper (Demonspawn Fighter)            Turns: 448, Time: 00:01:33

Health: -5/24      AC:  6    Str: 16    XL:     2   Next: 44%
Magic:  2/2        EV:  8    Int:  9    God:
Gold:   20         SH:  4    Dex: 12    Spells: 1/1 levels left

rFire   . . .      SeeInvis .   a - +0 war axe
rCold   . . .      Faith    .   c - +0 buckler
rNeg    . . .      Spirit   .   b - +0 scale mail
rPois   .          Reflect  .   (no helmet)
rElec   .          Harm     .   (no cloak)
rCorr   .          Rampage  .   (no gloves)
Will    .....                   (no boots)
Stlth   ..........              (no amulet)
HPRegen 0.08/turn               (no ring)
MPRegen 0.08/turn               (no ring)

@: no status effects
A: foul stench 1
a: no special abilities


You were on level 3 of the Dungeon.
You visited 1 branch of the dungeon, and saw 3 of its levels.

You collected 20 gold pieces.

Inventory:

Hand Weapons
 a - a +0 war axe (weapon)
Armour
 b - a +0 scale mail (worn)
 c - a +0 buckler (worn)
Potions
 d - a potion of might


   Skills:
 + Level 3.1 Fighting
 * Level 2.2 Axes
 + Level 2.8 Armour
 + Level 2.8 Shields


You had one spell level left.
You didn't know any spells.
Your spell library was empty.

Dungeon Overview and Level Annotations

Branches:
Dungeon (3/15)

Altars:
Hepliaklqana

Annotations:
D:3 Ijyb, Sigmund


Innate Abilities, Weirdness & Mutations

You may rarely emit foul miasma when damaged in melee.


Message History

The ball python constricts you.
You hit the ball python.
You kill the ball python!
No target in view!
HP restored.
You now have 20 gold pieces (gained 9).
Found a ring mail.
A goblin comes into view. It is wielding a +0 club.
The goblin shouts!
A goblin is nearby!
Found a stone staircase leading down.
The goblin hits you with a +0 club.
You miss the goblin. The goblin hits you but does no damage.
You slash the goblin!
You kill the goblin!
No target in view!
Found 6 stones.
There is a stone staircase leading down here.
You climb downwards.
Level annotation: Sigmund
There is a stone staircase leading up here.
HP restored.
Found a club.
Ijyb the Twisted Goblin comes into view.
She is wielding a +0 dagger and carrying a wand of mindburst (4).
Found a scroll labelled POURYGASTRO.
Ijyb shouts!
Ijyb zaps a wand.
You barely resist. You barely miss Ijyb. Ijyb hits you but does no damage.
You block Ijyb's attack.
You barely miss Ijyb.
Ijyb zaps a wand.
Your mind is blasted!
Ouch! That really hurt!
You are too injured to fight recklessly!
You are too injured to fight recklessly!
You are too injured to fight recklessly!
You closely miss Ijyb. Ijyb closely misses you. x2
You hit Ijyb.
Ijyb is lightly wounded.
Ijyb zaps a wand.
Your mind is blasted!
Ouch! That really hurt!
You die...

#..###.#.#####
#..#.........#
#g#..#####.###.#
#####
#.#........###.#
.†.<#
#.#............#
.####
#.#...........##
.
#.#.#########.#
S #.#.# #.######
. #.####.#@#
#....... S
....)..g.#
######## J
................
.
#.####.#.#######
#.#.# #.#..
#.#..# #.#..?
#.#.#.#


You could see Ijyb.

Vanquished Creatures
  An adder (D:3)
  2 endoplasms
  A giant cockroach (D:2)
  A hobgoblin (D:3)
  2 ball pythons
  A frilled lizard (D:1)
  A goblin (D:2)
9 creatures vanquished.

Notes
Turn   | Place    | Note
-------+----------+-------------------------------------------
     0 | D:1      | valliere the Demonspawn Fighter began the quest for the
                  | Orb.
     0 | D:1      | Reached XP level 1. HP: 18/18 MP: 1/1
    65 | D:1      | You fall into a shaft and drop 1 floor!
    72 | D:2      | Found a hazy altar of Hepliaklqana.
   119 | D:3      | Gained mutation: You may rarely emit foul miasma when
                  | damaged in melee. [demonic ancestry]
   119 | D:3      | Reached XP level 2. HP: 24/24 MP: 2/2
   131 | D:3      | Noticed Sigmund
   435 | D:3      | Noticed Ijyb
   448 | D:3      | Blown up by Ijyb

Illustrated notes

Levels and vault maps discovered:
D:1:      dpeg_arrival_castle, layout_loops_ring
D:2:      layout_loops_ring, ebering_ecumenical_altar_hall, basic_altar
D:3:      layout_basic, mainiacjoe_overflow_surrounded_room,
          jmf_multi_god_temple2, gammafunk_ghost_grave, minmay_bisected,
          uniq_ijyb, uniq_grinder, uniq_sigmund

Skill      XL: |  1 |
---------------+----+-----
Axes           | 2 |  2.2
Fighting       | |  3.1
Armour         | |  2.8
Shields        | |  2.8

Action                   || total
-------------------------++-------
Melee: War axe           ||    35
Armor: Scale mail        ||    15
Dodge: Dodged            ||    21
Block: Buckler           ||     8

Table legend: (Time is in decaauts)
 A = Elapsed time spent in this place.
 B = Non-inter-level travel time spent in this place.
 C = Inter-level travel time spent in this place.
 D = Time resting spent in this place.
 E = Time spent auto-exploring this place.
 F = Levels seen in this place.
 G = Mean time per level.
                   A        B        C        D        E       F      G
               +--------+--------+--------+--------+--------+-----+--------+
         Total |    462 |    462 |      0 |      0 |    357 |   3 |  154.0 |
       Dungeon |    462 |    462 |      0 |      0 |    357 |   3 |  154.0 |
               +--------+--------+--------+--------+--------+-----+--------+

Top non-repeatable levels by time:
     D:2: 205 daAuts
     D:3: 186 daAuts
     D:1: 70 daAuts
